 Dungeon Crawl Stone Soup version 0.30-a0-782-ge64f9170bb (webtiles) character file.

Game seed: 11079428889201516836

164 Leeroy the Slasher (level 5, -4/38 HPs)
             Began as a Merfolk Gladiator on Feb 25, 2023.
             Slain by a scorpion (5 damage)
             ... on level 3 of the Dungeon.
             The game lasted 00:01:05 (1444 turns).

Leeroy the Slasher (Merfolk Gladiator)              Turns: 1444, Time: 00:01:05

Health: -4/38      AC:  4    Str: 14    XL:     5   Next: 45%
Magic:  5/5        EV: 13    Int:  7    God:
Gold:   78         SH:  0    Dex: 18    Spells: 4/4 levels left

rFire   . . .      SeeInvis .    a - +0 long sword
rCold   . . .      Faith    .    (no shield)
rNeg    . . .      Spirit   .    b - +0 leather armour
rPois   .          Reflect  .    c - +0 helmet
rElec   .          Harm     .    (no cloak)
rCorr   .          Rampage  .    (no gloves)
Will    .....                    (no boots)
Stlth   +                        (no amulet)
HPRegen 0.26/turn                (no ring)
MPRegen 0.09/turn                (no ring)

@: lethally poisoned (-4 -> -24)
A: (nimble swimmer 2), mertail
a: no special abilities


You were on level 3 of the Dungeon.
You visited 1 branch of the dungeon, and saw 4 of its levels.

You collected 78 gold pieces.

Inventory:

Hand Weapons
 a - a +0 long sword (weapon)
Missiles
 d - 3 throwing nets (quivered)
 e - a javelin
Armour
 b - a +0 leather armour (worn)
 c - a +0 helmet (worn)
Wands
 g - a wand of paralysis (6)
Scrolls
 f - a scroll of teleportation {unknown}
 h - a scroll of blinking {unknown}
 j - a scroll of vulnerability {unknown}
Potions
 i - a potion of heal wounds {unknown}
 k - a potion of magic


   Skills:
 - Level 2.1 Fighting
 + Level 7.2 Long Blades
 - Level 2.0 Throwing
 - Level 4.0 Dodging


You had 4 spell levels left.
You didn't know any spells.
Your spell library was empty.

Dungeon Overview and Level Annotations

Branches:
Dungeon (4/15)
 Temple: D:4-7

Altars:
Yredelemnul


Innate Abilities, Weirdness & Mutations

((You are very nimble when in or above water. (Stealth+, EV+, Speed+++)))
Your lower body shifts to a powerful aquatic tail in water.


Message History

No target in view!
No target in view!
No target in view!
No target in view!
Found a stone staircase leading up.
A scorpion comes into view.
A scorpion is nearby!
An ice beast comes into view.
The ice beast hits you. The ice beast freezes you! The scorpion stings you.
You hit the ice beast but do no damage. The ice beast barely misses you.
The scorpion stings you.
You are too injured to fight recklessly!
You are too injured to fight recklessly!
You are too injured to fight recklessly!
You are too injured to fight recklessly!
You are too injured to fight recklessly!
The scorpion attacks as you move away! The scorpion stings you.
The scorpion attacks as you move away! The scorpion barely misses you.
The scorpion stings you. The scorpion attacks as you move away!
The scorpion barely misses you.
There is a stone staircase leading up here.
The scorpion stings you.
You climb upwards.
Found a bubbling golden potion and a long sword.
There is a stone staircase leading down here.
You are too injured to fight recklessly!
You hit the scorpion.
The scorpion is moderately wounded.
The scorpion stings you.
* * * LOW HITPOINT WARNING * * *
You are lethally poisoned!
The scorpion poisons you! The scorpion stings you.
* * * LOW HITPOINT WARNING * * *
You are more poisoned.
The scorpion poisons you!
It was a potion of magic.
Magic courses through your body.
* * * LOW HITPOINT WARNING * * *
You feel very sick. The scorpion stings you.
You die...

###.########.#
...!...@s....#
###......)..##
#########.# ..
#


You could see a scorpion.

Vanquished Creatures
  A water moccasin zombie (D:4)
  A centaur zombie (D:4)
  An iguana (D:4)
  2 adders
  An ufetubus (D:4)
  2 adder zombies (D:4)
  A worm (D:2)
  2 dart slugs (D:1)
  A bat (D:2)
  An endoplasm (D:1)
  2 goblins
  A jackal (D:2)
  2 ball pythons
  5 rats
23 creatures vanquished.

Notes
Turn   | Place    | Note
-------+----------+-------------------------------------------
     0 | D:1      | Leeroy the Merfolk Gladiator began the quest for the Orb.
     0 | D:1      | Reached XP level 1. HP: 16/16 MP: 1/1
   250 | D:1      | Found a faded altar of an unknown god.
   307 | D:1      | Reached skill level 4 in Long Blades
   332 | D:1      | Reached XP level 2. HP: 22/22 MP: 2/2
   849 | D:2      | Reached skill level 5 in Long Blades
   849 | D:2      | Reached XP level 3. HP: 25/27 MP: 3/3
  1044 | D:2      | You fall into a shaft and drop 2 floors!
  1193 | D:4      | Reached XP level 4. HP: 18/33 MP: 4/4
  1280 | D:4      | Reached skill level 6 in Long Blades
  1320 | D:4      | Reached XP level 5. HP: 31/38 MP: 5/5
  1328 | D:4      | Found a basalt altar of Yredelemnul.
  1339 | D:4      | Reached skill level 7 in Long Blades
  1432 | D:4      | Noticed an ice beast
  1444 | D:3      | HP: 1/38 [poisoned by a scorpion]
  1444 | D:3      | Slain by a scorpion

Illustrated notes

Levels and vault maps discovered:
D:1:      wheals_arrival_linesprint, layout_basic,
          dreamdust_ecumenical_altar_statues
D:2:      layout_loops_ring
D:3:      layout_loops_ring, nicolae_hepliaklqana_monster_ancestors,
          ebering_ghost_sewer_f, dk_noncrumbling_4
D:4:      layout_loops_corners, nicolae_yredelemnul_corpse_copse,
          nicolae_shop_gadgets

Skill      XL: |  1  2  3  4  5 |
---------------+----------------+-----
Long Blades    | 4 5 6 7 |  7.2
Fighting       | |  2.1
Throwing       | |  2.0
Dodging        | |  4.0

Action                     |  1- 3 |  4- 6 || total
---------------------------+-------+-------++-------
  Melee: Long sword        |    76 |    31 ||   107
         Punch             |     2 |       ||     2
    Use: Potion            |       |     1 ||     1
   Stab: Sleeping          |     1 |       ||     1
 Armour: Leather armour    |    20 |     9 ||    29
  Dodge: Dodged            |    45 |    36 ||    81

Table legend: (Time is in decaauts)
 A = Elapsed time spent in this place.
 B = Non-inter-level travel time spent in this place.
 C = Inter-level travel time spent in this place.
 D = Time resting spent in this place.
 E = Time spent auto-exploring this place.
 F = Levels seen in this place.
 G = Mean time per level.
                   A        B        C        D        E       F      G
               +--------+--------+--------+--------+--------+-----+--------+
         Total |   1457 |   1384 |     73 |      0 |   1163 |   4 |  364.2 |
       Dungeon |   1457 |   1384 |     73 |      0 |   1163 |   4 |  364.2 |
               +--------+--------+--------+--------+--------+-----+--------+

Top non-repeatable levels by time:
     D:1: 770 daAuts
     D:4: 402 daAuts
     D:2: 283 daAuts
     D:3: 1 daAuts
